 Dungeon Crawl Stone Soup version 0.26-a0-307-g4e7fcc93f0 (webtiles) character file.

Game seed: 18105881276626484899

148995 BeastOfSaturn the Peltast (level 16, -8/122 HPs)
             Began as a Demonspawn Warper on July 14, 2020.
             Was an Initiate of Gozag.
             Mangled by an enormous slime creature (42 damage)
             ... on level 1 of the Swamp on July 15, 2020.
             The game lasted 02:55:42 (43392 turns).

BeastOfSaturn the Peltast (Demonspawn Warper)      Turns: 43392, Time: 02:55:42

Health: -8/122     AC:  8    Str: 14    XL:     16   Next: 95%
Magic:  0/30       EV: 16    Int: 19    God:    Gozag
Gold:   5037       SH: 21    Dex: 13    Spells: 19/35 levels left

rFire    + + .     SeeInvis .   B - +8 whip "Snakebite" {curare, rPois}
rCold    + . .     Faith    .   q - +3 kite shield {rC+ rF+}
rNeg     . . .     Spirit   +   (no armour)
rPois    +         Reflect  +   f - +0 helmet
rElec    .         Harm     .   d - scarf {repulsion}
rCorr    .                      K - +1 pair of gloves of the Minstrel {+Fly}
MR       ++...                  (no boots)
Stlth    +.........             V - amulet of reflection
HPRegen  0.30/turn              p - ring of protection from magic
MPRegen  0.22/turn              G - +4 ring of evasion

@: studying Charms, repel missiles
A: talons 2, molten scales 3, foul stench 1, magic shield, rot immunity
a: Potion Petition, Call Merchant, Bribe Branch, Renounce Religion, Evoke Flight


You were on level 1 of the Swamp.
You worshipped Gozag.
Gozag was greatly pleased with you.
You visited 6 branches of the dungeon, and saw 27 of its levels.
You also visited: Bailey and Ice Cave.

You collected 8317 gold pieces.
You spent 1476 gold pieces at shops.
You paid 1804 gold pieces to Gozag.

Inventory:

Hand Weapons
 B - the +8 whip "Snakebite" (weapon) {curare, rPois}
   (You found it on level 2 of the Lair of Beasts)

   It poisons the flesh of those it strikes.
   It protects you from poison.
Missiles
 c - 4 throwing nets (quivered)
 e - 9 boomerangs
 j - 115 poisoned darts
Armour
 a - the +0 leather armour of Hexketug {rElec}
   (You found it on level 14 of the Dungeon)

   It insulates you from electricity.
 d - a scarf of repulsion (worn)
 f - a +0 helmet (worn)
 q - a +3 kite shield of resistance (worn)
 t - a +1 pair of gloves
 w - +2 fire dragon scales
 x - the +4 robe of Augmentation {Str+4 Int+4 Dex+4}
   (You found it on level 12 of the Dungeon)

   It affects your strength (+4).
   It affects your intelligence (+4).
   It affects your dexterity (+4).
 K - the +1 pair of gloves of the Minstrel (worn) {+Fly}
   (You found it in an ice cave)

   It lets you fly.
Jewellery
 p - a ring of protection from magic (left hand)
 r - an uncursed ring of protection from cold
 G - a +4 ring of evasion (right hand)
 V - an amulet of reflection (around neck)
Wands
 h - a wand of acid (3)
 v - a wand of iceblast (8)
 z - a wand of flame (37)
 A - a wand of paralysis (17)
 W - a wand of polymorph (21)
 Y - a wand of digging (9)
Scrolls
 o - 15 scrolls of teleportation
 u - a scroll of magic mapping
 y - 5 scrolls of enchant armour
 D - 16 scrolls of remove curse
 E - a scroll of holy word {unknown}
 F - a scroll of blinking
 L - 4 scrolls of amnesia
 O - a scroll of fog
 S - 2 scrolls of identify
 U - 4 scrolls of fear
Potions
 g - 8 potions of flight
 i - 3 potions of magic
 k - a potion of invisibility
 l - 4 potions of haste
 m - 2 potions of cancellation
 n - a potion of brilliance
 s - a potion of curing
 C - 2 potions of lignification
 I - 2 potions of mutation
 R - 4 potions of berserk rage
 T - 3 potions of stabbing
Books
 J - a manual of Charms
Miscellaneous
 b - a phial of floods
 H - a box of beasts
 M - 2 phantom mirrors
 N - a tin of tremorstones (3/3)
 Q - a tin of tremorstones (3/3)


   Skills:
 - Level 10.0 Fighting
   Level 2.0 Long Blades
 - Level 12.0 Maces & Flails
 - Level 0.8 Throwing
 * Level 11.9 Armour
 - Level 2.0 Dodging
 - Level 15.0 Shields
 - Level 10.0 Spellcasting
 * Level 6.9 Charms
 - Level 8.0 Translocations
 - Level 8.1 Fire Magic
 + Level 0.6 Evocations


You had 19 spell levels left.
You knew the following spells:

 Your Spells              Type           Power        Failure   Level
a - Blink                 Tloc           N/A          1%          2
b - Teleport Other        Tloc           #####...     1%          3
c - Summon Small Mammal   Summ           #...         8%          1
d - Gell's Gravitas       Tloc           #####.....   1%          3
e - Bolt of Magma         Conj/Fire/Erth ###.......   56%         5
f - Song of Slaying       Chrm           #####...     1%          2

Your spell library contained the following spells:

 Spells                   Type           Power        Failure   Level
 Apportation              Tloc           #####.       1%          1
 Infusion                 Chrm           ####         1%          1
 Shroud of Golubria       Chrm/Tloc      #####.       1%          2
 Lesser Beckoning         Tloc           #####.....   1%          3
 Passage of Golubria      Tloc           N/A          2%          4
 Conjure Flame            Conj/Fire      ####....     4%          3
 Portal Projectile        Hex/Tloc       ###...       4%          3
 Ozocubu's Armour         Chrm/Ice       ###.....     5%          3
 Spectral Weapon          Hex/Chrm       ###.....     5%          3
 Animate Skeleton         Necr           #.....       8%          1
 Beastly Appendage        Tmut           #.....       8%          1
 Corona                   Hex            #......      8%          1
 Magic Dart               Conj           #...         8%          1
 Pain                     Necr           #...         8%          1
 Shock                    Conj/Air       #...         8%          1
 Sting                    Tmut/Pois      #...         8%          1
 Corpse Rot               Necr/Air       N/A          11%         2
 Ensorcelled Hibernation  Hex/Ice        #.....       11%         2
 Poisonous Vapours        Pois/Air       #.....       11%         2
 Sublimation of Blood     Necr           #.........   11%         2
 Confusing Touch          Hex            #.......     22%         3
 Dazzling Flash           Conj/Hex       #.....       22%         3
 Mephitic Cloud           Conj/Pois/Air  #.......     22%         3
 Stone Arrow              Conj/Erth      #.....       22%         3
 Tukima's Dance           Hex            #.......     22%         3
 Vampiric Draining        Necr           #.........   22%         3
 Excruciating Wounds      Chrm/Necr      ###.......   45%         5
 Animate Dead             Necr           #.........   58%         4
 Dispel Undead            Necr           #.......     58%         4
 Fulminant Prism          Conj/Hex       #.........   58%         4
 Agony                    Necr           #.......     90%         5
 Yara's Violent Unravell  Hex/Tmut       #.........   90%         5
 Ring of Flames           Chrm/Fire      #####.....   96%         7
 Freezing Cloud           Conj/Ice/Air   #.........   100%        6
 Hydra Form               Tmut           #.........   100%        6


Dungeon Overview and Level Annotations

Branches:
Dungeon (15/15)            Temple (1/1) D:5            Lair (6/6) D:10
  Swamp (1/4) Lair:2       Spider (2/4) Lair:4        Slime (0/5) Lair:5
    Orc (2/2) D:10            Elf (0/3) Orc:2        Vaults (0/5) D:14
 Depths (0/5) D:15         Bailey (visited)           IceCv (visited)

Altars:
Ashenzari
Cheibriados
Dithmenos
Elyvilon
Fedhas
Gozag
Hepliaklqana
Kikubaaqudgha
Makhleb
Nemelex Xobeh
Okawaru
Qazlal
Ru
Sif Muna
Trog
Uskayaw
Vehumet
Wu Jian
Xom
Yredelemnul
Zin
The Shining One

Shops:
D:4 *   D:5 (   D:9 :   D:10 ::   Orc:2 (::([


Innate Abilities, Weirdness & Mutations

You have razor-sharp toenails.
You are completely covered in molten scales. (AC +4, rF+)
You may emit foul miasma when damaged in melee.
When hurt, damage is shared between your health and your magic reserves.
You are immune to rotting.


Message History

You block the large slime creature's attack.
Two slime creatures merge to form a very large slime creature.
The slime creature closely misses you.
You enter the shallow water.
Moving in this stuff is going to be slow.
You enter the shallow water.
Moving in this stuff is going to be slow.
The slime creature misses you. You block the slime creature's attack.
Two slime creatures merge to form an enormous slime creature.
The enormous slime creature looks more healthy.
You enter the shallow water.
Moving in this stuff is going to be slow.
You see here 25 stones.
You enter the shallow water.
Moving in this stuff is going to be slow.
You block the enormous slime creature's attack.
The enormous slime creature hits you!!!
You die...
Your body crumbles into a pile of gold.

.≈≈≈.≈.♣♣♣..........≈≈..≈≈.♣.♣
...§≈≈≈♣ ♣♣.≈....♣♣.♣≈.≈≈≈.♣≈♣
...≈§§.♣ ♣♣....≈...≈♣...≈.♣≈♣
.#..≈≈.♣ ♣.≈≈≈.≈≈.≈..♣≈≈.♣.♣
...≈...♣ ♣.≈≈≈≈≈≈..≈≈≈≈≈.♣.♣
..≈≈≈≈.♣ ♣♣...≈≈≈.≈≈≈≈≈§≈..♣
.≈≈≈...≈♣ ♣.≈≈≈≈≈≈≈≈..≈§≈≈.♣
♣≈≈≈≈≈≈≈♣ ♣.≈J...≈≈.≈.≈≈≈≈≈♣
.≈≈≈....♣ ♣.≈.@.≈≈♣.≈§≈....♣
≈♣..♣.♣. ♣≈≈≈≈<.≈..≈≈≈≈≈§.♣
.≈?♣♣.≈ ♣♣..≈.♣.♣..≈≈≈≈≈.♣♣
♣..≈.♣♣♣...≈≈≈≈.≈♣ ♣≈♣.♣♣
♣♣..≈≈≈≈≈≈♣♣ ♣≈♣♣♣ ♣§♣≈♣.....♣
♣≈♣ ♣.≈≈§≈≈≈≈.♣♣ ♣≈♣♣
♣♣.....≈≈.≈≈♣ ♣(.♣♣
♣.♣♣♣...♣♣.≈♣


You could see an enormous slime creature.

Vanquished Creatures
  Arachne (Spider:1)
  A storm dragon (D:13)
  Frances (Spider:1)
  A thorn hunter (Swamp:1)
  A ghost moth (Spider:1)
  2 emperor scorpions (Spider:1)
  A stone giant (D:10)
  5 entropy weavers
  3 yaktaur captains
  A fire dragon (D:11)
  4 ogre magi (Orc:2)
  8 hydras
  Erolcha (D:13)
  4 centaur warriors
  20 two-headed ogres
  4 death yaks
  A death knight (D:11)
  4 alligators
  A queen ant (Lair:6)
  4 skeletal warriors (D:11)
  3 unseen horrors
  A wizard (D:13)
  Pikel (D:6)
  A phantasmal warrior (D:10)
  A flayed ghost (D:11)
  6 orc knights
  7 wolf spiders
  A deep elf mage (D:15)
  2 cyclopes
  4 orc sorcerers
  2 orb spiders (Spider:1)
  11 ugly things
  2 manticores
  6 elephants
  11 black mambas
  A centaur zombie (D:13)
  Maurice (D:11)
  26 cane toads
  2 ice statues (IceCv)
  3 gargoyles
  2 torpor snails
  A kobold demonologist (D:13)
  10 komodo dragons
  2 freezing wraiths
  An efreet (D:11)
  3 yaktaurs
  9 ice devils (IceCv)
  13 demonic crawlers
  A merfolk (D:10)
  15 jumping spiders
  6 trolls
  3 hornets
  A meliai (shapeshifter) (D:15)
  5 tyrant leeches
  30 blink frogs
  A bog body (Lair:2)
  8 slime creatures
  63 redbacks
  A meliai zombie (D:14)
  2 vampires
  2 shadows (D:15)
  9 hippogriffs
  10 tarantellas
  5 wyverns
  29 yaks
  3 wraiths
  Eustachio (D:5)
  3 basilisks
  A steam dragon (D:12)
  10 vampire mosquitoes
  Menkaure (D:5)
  7 wargs
  An acid dragon (D:14)
  15 insubstantial wisps (Swamp:1)
  2 swamp worms (Swamp:1)
  9 water moccasins
  22 soldier ants (Lair:6)
  A swamp drake (Swamp:1)
  6 porcupines
  3 sky beasts
  23 orc warriors
  2 black bears (D:7)
  2 ice beasts
  34 ogres
  A phantom (D:9)
  The ghost of deyja the Skirmisher, an amateur DsFi (D:3)
  7 crocodiles
  12 centaurs
  3 big kobolds
  30 bullfrogs
  2 scorpions
  5 killer bees (D:8)
  3 electric eels
  7 wights
  3 howler monkeys
  A bullfrog zombie (D:12)
  A quasit (D:10)
  3 bullfrog skeletons
  2 jellies
  Crazy Yiuf (D:5)
  17 orc priests
  4 hounds
  A centaur skeleton (D:6)
  5 iguanas
  26 orc wizards
  33 worker ants
  A killer bee zombie (D:9)
  3 hound zombies
  A hound skeleton (D:6)
  A worker ant zombie (D:5)
  A howler monkey zombie (D:8)
  15 adders
  2 shadow imps
  8 white imps
  6 ufetubi (IceCv)
  An ooze (D:4)
  2 adder zombies
  An adder skeleton (D:5)
  5 worms
  5 dart slugs
  5 leopard geckos
  82 orcs
  3 bats
  5 giant cockroaches
  14 goblins
  8 hobgoblins
  15 jackals
  21 kobolds
  4 quokkas
  6 ball pythons
  7 frilled lizards
  A leopard gecko skeleton (D:2)
  2 quokka zombies (D:5)
  8 rats
  A fungus (Lair:6)
940 creatures vanquished.

Vanquished Creatures (others)
  A slime creature (D:12)
  A centaur skeleton (D:11)
  A bullfrog skeleton (D:11)
  5 white imps (IceCv)
  2 ufetubi (IceCv)
  17 fungi (Lair:6)
  48 plants
75 creatures vanquished.

Grand Total: 1015 creatures vanquished

Notes
Turn   | Place    | Note
-------+----------+-------------------------------------------
     0 | D:1      | BeastOfSaturn the Demonspawn Warper began the quest for the
                  | Orb.
     0 | D:1      | Reached XP level 1. HP: 16/16 MP: 3/3
    29 | D:1      | Reached skill level 1 in Armour
   108 | D:1      | Gained mutation: You are partially covered in molten
                  | scales. (AC +2) [demonic ancestry]
   108 | D:1      | Reached XP level 2. HP: 19/22 MP: 5/5
   411 | D:1      | Learned a level 2 spell: Blink
   737 | D:1      | Gained mutation: You are mostly covered in molten scales.
                  | (AC +3) [demonic ancestry]
   737 | D:1      | Reached XP level 3. HP: 26/28 MP: 6/6
   756 | D:2      | Learned a level 3 spell: Teleport Other
  1099 | D:2      | Learned a level 1 spell: Summon Small Mammal
  1578 | D:2      | Gained mutation: You are immune to rotting. [demonic
                  | ancestry]
  1578 | D:2      | Reached XP level 4. HP: 35/35 MP: 8/8
  2419 | D:3      | Found a large runed translucent door.
  2419 | D:3      | Found a large runed translucent door.
  2423 | D:3      | Noticed deyja's ghost (amateur DsFi)
  2525 | D:3      | Gained mutation: You have sharp toenails. [demonic
                  | ancestry]
  2525 | D:3      | Reached XP level 5. HP: 40/42 MP: 9/9
  2526 | D:3      | Reached skill level 1 in Maces & Flails
  2834 | D:3      | Found an opulent altar of Gozag.
  2934 | D:3      | Found a faded altar of an unknown god.
  3007 | D:3      | Killed deyja's ghost
  3050 | D:4      | Reached XP level 6. HP: 47/49 MP: 10/10
  3078 | D:4      | Found a shimmering altar of Xom.
  3093 | D:4      | Reached skill level 1 in Shields
  3508 | D:4      | Reached skill level 5 in Fighting
  3532 | D:4      | Reached XP level 7. HP: 56/56 MP: 11/11
  3629 | D:4      | Found Zin's Purification Station.
  3632 | D:4      | Found a glowing silver altar of Zin.
  3713 | D:4      | Found a stormy altar of Qazlal.
  3794 | D:4      | Got an ancient dagger
  3795 | D:4      | Identified the +4 dagger "Totyfum" {venom, +Inv rPois
                  | Int-2} (You found it on level 4 of the Dungeon)
  3905 | D:4      | Found a shadowy altar of Dithmenos.
  3992 | D:5      | Entered Level 5 of the Dungeon
  3992 | D:5      | Found Venoegem's Antique Weapon Shoppe.
  4109 | D:5      | Reached skill level 2 in Shields
  4240 | D:5      | Found a staircase to the Ecumenical Temple.
  4401 | D:5      | Noticed Menkaure
  4405 | D:5      | Killed Menkaure
  4405 | D:5      | Gained mutation: You have razor-sharp toenails. [demonic
                  | ancestry]
  4405 | D:5      | Reached XP level 8. HP: 56/64 MP: 11/13
  4521 | D:5      | Found a shattered altar of Ashenzari.
  4646 | D:5      | Found a shimmering blue altar of Sif Muna.
  4648 | D:5      | Noticed Eustachio
  4680 | D:5      | Killed Eustachio
  4680 | D:5      | Reached skill level 3 in Shields
  4838 | D:5      | Found a runed translucent door.
  4839 | D:5      | Noticed Crazy Yiuf
  4956 | D:5      | Killed Crazy Yiuf
  5200 | D:6      | Noticed Pikel
  5239 | D:6      | Killed Pikel
  5239 | D:6      | Reached skill level 4 in Shields
  5239 | D:6      | Reached skill level 5 in Spellcasting
  5239 | D:6      | Reached XP level 9. HP: 54/72 MP: 10/17
  5391 | D:6      | Found a burning altar of Makhleb.
  5742 | D:6      | Learned a level 3 spell: Gell's Gravitas
  5783 | D:7      | Reached skill level 5 in Translocations
  5861 | D:7      | Reached skill level 5 in Maces & Flails
  5977 | D:7      | Noticed a gargoyle
  6497 | D:7      | Found a shimmering altar of Xom.
  6500 | D:7      | Found a basalt altar of Yredelemnul.
  6500 | D:7      | Noticed a two-headed ogre
  6501 | D:7      | Found an ornate altar of the Wu Jian Council.
  6501 | D:7      | Found a sparkling altar of Nemelex Xobeh.
  6520 | D:7      | Killed a two-headed ogre
  6630 | D:7      | Gained mutation: You may emit foul miasma when damaged in
                  | melee. [demonic ancestry]
  6630 | D:7      | Reached XP level 10. HP: 69/79 MP: 14/20
  6905 | D:7      | Noticed an unseen horror
  6916 | D:7      | Killed an unseen horror
  7236 | D:8      | Identified the Almanac of Unstable Fire
  7244 | D:8      | Learned a level 5 spell: Bolt of Magma
  7723 | D:9      | Found a flagged portal.
  7739 | Bailey   | Entered a bailey
  7745 | Bailey   | Noticed an orc knight
  7797 | D:9      | Reached skill level 1 in Fire Magic
  7850 | D:9      | Found Tylur's Book Boutique.
  8527 | D:10     | Entered Level 10 of the Dungeon
  8555 | D:10     | Noticed an elephant
  8586 | D:10     | Killed an elephant
  8599 | D:10     | Found a staircase to the Lair.
  9209 | D:10     | Reached XP level 11. HP: 30/84 MP: 8/23
  9528 | D:10     | Upgraded the game from 0.26-a0-291-g3d11bbfad5 to
                  | 0.26-a0-307-g4e7fcc93f0
  9532 | D:10     | Found a staircase to the Orcish Mines.
 10318 | D:11     | Noticed a white ugly thing
 10333 | D:11     | Noticed a phantasmal warrior
 10336 | D:11     | Noticed a death knight
 10337 | D:11     | Killed a white ugly thing
 10790 | D:11     | Noticed an orc knight
 10807 | D:11     | Killed an orc knight
 10835 | D:11     | Reached skill level 5 in Shields
 10847 | D:11     | Noticed a flayed ghost
 10847 | D:11     | Identified the +1 quarterstaff of Gloom {flame, Fragile
                  | +Fly MR+ Dex+3}
 10847 | D:11     | Noticed a centaur warrior
 10869 | D:11     | Killed a centaur warrior
 10884 | D:11     | HP: 2/84 [flayed ghost (14)]
 10887 | D:11     | Killed a flayed ghost
 10891 | D:11     | Noticed an orc knight
 10912 | D:11     | Killed an orc knight
 10912 | D:11     | Reached skill level 6 in Shields
 10966 | D:11     | Noticed a yaktaur captain
 11302 | D:11     | Noticed Maurice
 11762 | D:11     | Killed Maurice
 11899 | D:10     | Killed a phantasmal warrior
 11899 | D:10     | Reached skill level 5 in Fire Magic
 12129 | Lair:1   | Entered Level 1 of the Lair of Beasts
 12239 | Lair:1   | Reached skill level 7 in Shields
 12954 | Lair:1   | Reached skill level 8 in Shields
 12954 | Lair:1   | Gained mutation: When hurt, damage is shared between your
                  | health and your magic reserves. [demonic ancestry]
 12954 | Lair:1   | Reached XP level 12. HP: 81/91 MP: 22/25
 13853 | Lair:2   | Noticed a five-headed hydra
 13857 | Lair:2   | Noticed a four-headed hydra
 13863 | Lair:2   | Killed a five-headed hydra
 13879 | Lair:1   | Killed a four-headed hydra
 13879 | Lair:1   | Reached skill level 9 in Shields
 14808 | Lair:2   | Reached skill level 10 in Shields
 15619 | Lair:2   | Found the +8 whip "Snakebite" {curare, rPois}
 15696 | Lair:2   | Noticed a death yak
 15720 | Lair:2   | Killed a death yak
 16655 | Temple   | Entered the Ecumenical Temple
 16915 | D:3      | Became a worshipper of Gozag Ym Sagoz the Greedy
 17097 | D:9      | Reached skill level 11 in Shields
 17276 | Lair:2   | Found a staircase to the Swamp.
 17709 | Lair:3   | Got a bone falchion
 17710 | Lair:3   | Identified the +9 falchion "Killer Klown's Doom" {protect,
                  | *Drain MP+9 Dex+4 SInv} (You found it on level 3 of the
                  | Lair of Beasts)
 18377 | Lair:4   | Found a hole to the Spider Nest.
 18411 | Lair:4   | Gained mutation: You are completely covered in molten
                  | scales. (AC +4, rF+) [demonic ancestry]
 18411 | Lair:4   | Reached XP level 13. HP: 85/96 MP: 24/26
 18857 | Lair:4   | You fall into a shaft and drop 2 floors!
 18857 | Lair:6   | Entered Level 6 of the Lair of Beasts
 19035 | Lair:5   | Found a staircase to the Slime Pits.
 20905 | Lair:5   | Reached skill level 12 in Shields
 21256 | D:11     | Noticed a fire dragon
 21277 | D:11     | Killed a fire dragon
 21297 | D:11     | Identified the Papyrus of Entrancing Conjuration
 22349 | D:11     | Reached skill level 10 in Maces & Flails
 22349 | D:11     | Reached skill level 10 in Spellcasting
 22923 | D:12     | Found a shattered altar of Ashenzari.
 23322 | D:12     | Found the +4 robe of Augmentation {Str+4 Int+4 Dex+4}
 23737 | Orc:1    | Entered Level 1 of the Orcish Mines
 23738 | Orc:1    | Noticed a stone giant
 23861 | Lair:6   | Reached XP level 14. HP: 96/103 MP: 25/28
 23881 | Lair:6   | Reached skill level 13 in Shields
 25543 | Lair:6   | Noticed an entropy weaver
 25579 | Lair:6   | Killed an entropy weaver
 25610 | Lair:6   | Noticed an entropy weaver
 25688 | Lair:6   | Killed an entropy weaver
 25688 | Lair:6   | Reached skill level 14 in Shields
 26288 | Lair:6   | Got a dazzling halberd
 26291 | Lair:6   | Identified the +9 halberd "Irphicy" {venom, *Rage rC+
                  | Int+7} (You found it on level 6 of the Lair of Beasts)
 26978 | D:10     | Killed a stone giant
 27946 | Orc:2    | Entered Level 2 of the Orcish Mines
 28816 | Orc:2    | Reached XP level 15. HP: 65/108 MP: 21/29
 29590 | Orc:2    | Reached skill level 15 in Shields
 29632 | Orc:2    | Found Voahemn's Weapon Shoppe.
 29704 | Orc:2    | Found a staircase to the Elven Halls.
 29824 | Orc:2    | Found Cuammatz's Book Boutique.
 29824 | Orc:2    | Found Gofef's Weapon Emporium.
 29824 | Orc:2    | Found Locvom's Book Emporium.
 29824 | Orc:2    | Found Royqeg's Antique Armour Shop.
 29832 | Orc:2    | Bought a pair of embroidered gloves for 262 gold pieces
 30218 | Orc:2    | Learned a level 2 spell: Song of Slaying
 30288 | D:10     | Bought a manual of Charms for 1214 gold pieces
 30573 | D:13     | Noticed Erolcha
 30581 | D:13     | Killed Erolcha
 30581 | D:13     | Reached skill level 1 in Charms
 30866 | D:13     | Noticed a storm dragon
 30884 | D:13     | Found the +8 glaive of the Guard {elec, +Rage AC+5 SInv}
 31231 | D:13     | Killed a storm dragon
 31272 | D:13     | Got a distressingly furry plate armour
 31294 | D:13     | Identified the cursed +0 plate armour "Butiutak" {rPois
                  | Dex+6} (You found it on level 13 of the Dungeon)
 31626 | D:14     | Reached skill level 5 in Armour
 31678 | D:14     | Got a crude leather armour
 31689 | D:14     | Identified the +0 leather armour of Hexketug {rElec} (You
                  | found it on level 14 of the Dungeon)
 31782 | D:14     | Found a gate to the Vaults.
 32126 | D:14     | Found an ornate altar of the Wu Jian Council.
 32307 | D:14     | Found a sacrificial altar of Ru.
 32611 | D:15     | Entered Level 15 of the Dungeon
 33566 | D:15     | Found a staircase to the Depths.
 33698 | D:15     | Reached skill level 10 in Fighting
 33983 | Spider:1 | Entered Level 1 of the Spider Nest
 34381 | Spider:1 | Reached XP level 16. HP: 121/122 MP: 30/30
 35210 | Spider:1 | Reached skill level 5 in Charms
 35744 | Spider:1 | Noticed Frances
 36089 | Spider:1 | Killed Frances
 36886 | Spider:2 | Noticed Arachne
 36920 | Spider:1 | Killed Arachne
 37431 | Spider:1 | Reached skill level 10 in Armour
 39057 | Swamp:1  | Entered Level 1 of the Swamp
 39677 | Swamp:1  | Found a frozen archway.
 39696 | IceCv    | Entered an ice cave
 40323 | IceCv    | Got a pair of translucent gloves
 40334 | IceCv    | Identified the +1 pair of gloves of the Minstrel {+Fly}
                  | (You found it in an ice cave)
 41273 | IceCv    | Noticed an Ice Fiend
 41274 | IceCv    | Noticed an Ice Fiend
 42690 | Swamp:1  | Noticed a thorn hunter
 42712 | Swamp:1  | Killed a thorn hunter
 43392 | Swamp:1  | Mangled by an enormous slime creature

Illustrated notes

Levels and vault maps discovered:
D:1:      lightli_arrival_chessboard, layout_basic, serial_bayou,
          serial_bayou_lagoon_a, serial_bayou_crossing, serial_bayou_pond_e,
          serial_bayou_pond_d, serial_bayou_pond_a, minmay_strange_pillars
D:2:      wander_river, layout_loops_cross
D:3:      layout_rooms, nicolae_gozag_cash_rules_everything_around_me,
          chequers_ecumenical_altar_grove, ebering_ghost_disaster_area
D:4:      layout_cave_pools, zin_purify, tgw_xom, overflow_temple_1_default,
          minmay_misc_feat_iff, grunt_qazlal_sundering
D:5:      layout_basic, kennysheep_little_box, ashenzari_conservatory_becter,
          minmay_temple_entry_sparse_star, serial_shops, shop_coins,
          small_statue_intersection, uniq_eustachio, uniq_crazy_yiuf_cottage,
          uniq_menkaure
D:6:      layout_basic, lemuel_coloured_pillars_altar, uniq_pikel
D:7:      minmay_the_grid_octo_triangle [minmay_the_grid_octo_shrine,
          minmay_the_grid_octo_prize_square_snowflake,
          minmay_the_grid_octo_pinwheel], layout_basic
D:8:      layout_loops_ring
D:9:      layout_loops_ring, serial_shops, shop, enter_bailey_3,
          grunt_tough_drop
D:10:     layout_loops_ring, david_lair_generic, david_orc_1_choice,
          hangedman_fish_farm
D:11:     minmay_sliced_demisemicircle, layout_loops_corners, uniq_maurice
D:12:     layout_cave_pools, basic_altar
D:13:     layout_loops_ring, onia_ninara_dug_in_and_dangerous, uniq_erolcha
D:14:     layout_roguey, david_vaults_2, nicolae_ru_path_of_blood, basic_altar
D:15:     grunt_enter_depths_snipers, layout_loops_ring,
          hangedman_decor_clover_reticule
Temple:   eino_narrow_crystal_temple
Lair:1:   layout_chaotic_city
Lair:2:   minmay_guarded_unrand_snakebite, layout_cellular_growth,
          minmay_swamp_entry_swarm, serial_bayou_shore_b
Lair:3:   layout_roguey
Lair:4:   layout_regular_city, spider_nest_entry_a
Lair:5:   layout_concentric_octagons, dpeg_slime_entry_corner,
          beast_lair_carwin_9
Lair:6:   minmay_lair_end_frog_pond, layout_small_grid, minivault_29
Swamp:1:  layout_falls_marsh, portal_ice_cave_entry_pillars_1,
          evilmike_swamp_ruin_rubble_2
Spider:1: layout_spider_delve, uniq_frances
Spider:2: layout_spider_delve, drop_trap, worms_lemuel, uniq_arachne
Orc:1:    layout_caves
Orc:2:    st_orc_ogre_mass, layout_caves, serial_shops, shop

Skill      XL: |  1  2  3  4  5  6  7  8  9 10 11 12 13 14 15 16 |
---------------+-------------------------------------------------+-----
Armour         | 1 6 11 | 11.9
Long Blades    | 2 |  2.0
Dodging        | 2 |  2.0
Fighting       | 3 4 5 6 7 10 | 10.0
Spellcasting   | 3 5 6 8 9 10 | 10.0
Translocations | 3 4 5 7 8 |  8.0
Maces & Flails | 2 3 4 7 8 10 12 | 12.0
Shields        | 1 2 4 8 11 12 14 15 | 15.0
Fire Magic     | 3 5 6 7 8 |  8.1
Charms         | 4 6 |  6.9
Throwing       | |  0.8
Evocations     | |  0.6

Action                   |  1- 3 |  4- 6 |  7- 9 | 10-12 | 13-15 | 16-18 || total
-------------------------+-------+-------+-------+-------+-------+-------++-------
Melee: Falchion          |   103 |       |       |       |       |       ||   103
       Whip              |    10 |   180 |   242 |  1054 |  2393 |  1185 ||  5064
       Kick              |       |    20 |    95 |   264 |   657 |   335 ||  1371
       Dagger            |       |       |    96 |   101 |       |       ||   197
 Cast: Bolt of Magma     |       |       |       |       |       |     4 ||     4
       Blink             |       |       |       |       |       |     4 ||     4
Invok: Potion Petition   |       |       |       |       |     1 |       ||     1
       Call Merchant     |       |       |       |       |     2 |       ||     2
Evoke: Wand              |       |       |       |     5 |     5 |     7 ||    17
  Use: Scroll            |     2 |     3 |     9 |    11 |    12 |     4 ||    41
       Potion            |       |       |       |     8 |     5 |     5 ||    18
 Stab: Sleeping          |       |     1 |       |     1 |       |       ||     2
       Distracted        |       |       |       |       |     9 |     5 ||    14
Armor: Leather armour    |    32 |    75 |    40 |       |       |       ||   147
       Robe              |       |       |    49 |    77 |       |       ||   126
       Fire dragon scale |       |       |       |   203 |   234 |   382 ||   819
       Skin              |       |       |       |     8 |    12 |    23 ||    43
Dodge: Dodged            |    68 |    79 |   205 |   441 |   296 |   447 ||  1536
       Repelled          |       |       |       |     1 |     7 |     9 ||    17
Block: Buckler           |       |    25 |    98 |   136 |       |       ||   259
       Kite shield       |       |       |       |   535 |  1268 |  1248 ||  3051
       Reflection        |       |       |       |       |    43 |    13 ||    56
       Rpst.: Falchion   |    23 |       |       |       |       |       ||    23

Table legend:
 A = Non-vault XP
 B = Vault XP
 C = Vault XP percentage of total XP
 D = Non-vault monster count
 E = Vault monster count
 F = Vault count percentage of total count
                 A         B        C        D         E       F
            +---------+---------+-------+---------+---------+-------
      Total |  132040 |   80811 |  38.0 |     690 |     250 |  26.6
            +---------+---------+-------+---------+---------+-------
        D:1 |      44 |       0 |   0.0 |      22 |       0 |   0.0
        D:2 |      82 |       0 |   0.0 |      28 |       0 |   0.0
        D:3 |     134 |     115 |  46.2 |      35 |       1 |   2.8
        D:4 |     451 |      48 |   9.6 |      15 |       4 |  21.1
        D:5 |     573 |     403 |  41.3 |      15 |       3 |  16.7
        D:6 |     815 |     673 |  45.2 |      26 |       1 |   3.7
        D:7 |     803 |    2725 |  77.2 |      25 |       9 |  26.5
        D:8 |     783 |       0 |   0.0 |      15 |       0 |   0.0
        D:9 |    1459 |     252 |  14.7 |      22 |       7 |  24.1
       D:10 |    3486 |    2353 |  40.3 |      21 |      14 |  40.0
       D:11 |    8726 |    6052 |  41.0 |      36 |      11 |  23.4
       D:12 |    5015 |       0 |   0.0 |      29 |       0 |   0.0
       D:13 |    4108 |    5972 |  59.2 |      24 |       8 |  25.0
       D:14 |    5027 |    1710 |  25.4 |      13 |       3 |  18.8
       D:15 |    8744 |    2238 |  20.4 |      27 |       3 |  10.0
     Lair:1 |    6576 |     368 |   5.3 |      24 |       2 |   7.7
     Lair:2 |    8865 |    2134 |  19.4 |      25 |      13 |  34.2
     Lair:3 |     665 |       0 |   0.0 |       3 |       0 |   0.0
     Lair:4 |    5763 |    1365 |  19.1 |      21 |       5 |  19.2
     Lair:5 |    4561 |    4468 |  49.5 |      16 |      10 |  38.5
     Lair:6 |   11592 |   18714 |  61.8 |      34 |      87 |  71.9
    Swamp:1 |   11857 |       0 |   0.0 |      32 |       0 |   0.0
   Spider:1 |   28988 |    7145 |  19.8 |      80 |       6 |   7.0
   Spider:2 |    3850 |       0 |   0.0 |      15 |       0 |   0.0
      Orc:1 |    4016 |       0 |   0.0 |      45 |       0 |   0.0
      Orc:2 |    5057 |   20136 |  79.9 |      42 |      41 |  49.4
      IceCv |       0 |    3940 | 100.0 |       0 |      22 | 100.0
            +---------+---------+-------+---------+---------+-------
